Map: Cosmic Sapphire

Players

Qaq - Winner!

  • Race: Protoss Protoss
  • Spawn Location: 5:00

Neuro

  • Race: Zerg Zerg
  • League: Master
  • Spawn Location: 11:00

VOD

Have the link to the VOD?

Description

Time

  • Played on: July 26, 2022, 6:10 p.m.
  • Length: 8:48
Show
View Real Time Build Order
Export as new Build Order

Qaq Protoss - Winner!

Build Orders: 1 Gate Expand, Zealot Archon, Archon Drop, Dark Templar Rush 

Get SALT Encoding   

  12  0:00  Probe  
  13  0:12  Probe  
  14  0:20  Pylon  
  14  0:24  Probe  
  15  0:38  Gateway  
  15  0:39  Probe (Chrono Boost)  
  16  0:47  Probe (Chrono Boost)  
  17  0:50  Assimilator  
  17  0:53  Probe  
  18  1:05  Probe  
  19  1:17  Probe  
  20  1:26  Nexus  
  20  1:40  Cybernetics Core  
  20  1:42  Probe  
  21  1:49  Pylon  
  21  1:54  Probe  
  21  1:55  Assimilator  
  22  2:06  Probe  
  23  2:15  Adept (Chrono Boost)  
  23  2:18  Probe  
  26  2:22  Twilight Council  
  26  2:26  Warp Gate  
  26  2:33  Probe (Chrono Boost)  
  27  2:38  Probe (Chrono Boost)  
  29  2:47  Adept (Chrono Boost), Probe (Chrono Boost)  
  29  2:48  Probe (Chrono Boost)  
  32  2:52  Probe (Chrono Boost)  
  32  2:55  Probe  
  34  2:59  Robotics Facility  
  34  3:04  Probe  
  35  3:07  Probe  
  36  3:15  Dark Shrine  
  36  3:16  Probe (Chrono Boost)  
  38  3:23  Probe (Chrono Boost)  
  38  3:25  Pylon  
  38  3:28  Probe (Chrono Boost)  
  40  3:34  Probe (Chrono Boost)  
  40  3:35  Probe (Chrono Boost)  
  40  3:36  Gateway  
  41  3:43  Probe, Warp Prism (Chrono Boost)  
  44  3:49  Gateway  
  44  3:51  Probe  
  45  3:59  Probe, Pylon  
  46  4:06  Probe  
  47  4:12  Observer  
  47  4:13  Gateway  
  47  4:15  Pylon  
  48  4:24  Gateway  
  48  4:39  Dark Templar x2  
  48  4:40  Probe x2  
  48  4:43  Dark Templar  
  48  4:44  Gateway  
  56  4:45  Pylon  
  56  4:52  Probe x2  
  58  5:04  Probe x2  
  58  5:06  Gateway  
  60  5:07  Gateway  
  60  5:09  Gateway  
  60  5:16  Probe x2  
  62  5:28  Nexus, Probe  
  62  5:29  Probe  
  62  5:30  Pylon, Dark Templar  
  62  5:31  Archon  
  62  5:34  Archon  
  66  5:38  Charge (Chrono Boost), Assimilator  
  66  5:40  Probe, Assimilator  
  66  5:41  Probe  
  68  5:45  Zealot x3  
  68  5:49  Zealot  
  76  5:50  Zealot  
  76  5:52  Shield Battery  
  78  6:08  Probe x2  
  76  6:11  Zealot  
  76  6:12  Zealot x4  
  86  6:21  Dark Templar  
  86  6:22  Dark Templar  
  86  6:26  Probe  
  86  6:27  Probe  
  85  6:38  Archon  
  85  6:40  Probe  
  85  6:46  Immortal, Pylon  
  86  6:47  Pylon  
  86  6:48  Pylon  
  86  6:49  Dark Templar  
  86  6:50  Dark Templar  
  86  6:52  Probe x2  
  92  6:55  Probe, Archon  
  93  7:04  Probe  
  93  7:05  Zealot x2  
  93  7:06  Zealot x2  
  102  7:16  Zealot x2  
  102  7:17  Zealot  
  102  7:21  Immortal  
  108  7:29  Observer  
  108  7:33  Zealot x2  
  116  7:40  Pylon  
  116  7:41  Pylon  
  116  7:45  Pylon  
  116  7:48  Forge  
  116  7:53  Probe, Forge  
  117  8:03  Pylon  
  117  8:07  Zealot  
  117  8:08  Zealot x8  
  131  8:31  Zealot  
  131  8:32  Zealot x3  
  131  8:33  Zealot x2  
  123  8:44  Zealot x3  
Show
View Real Time Build Order
Export as new Build Order

Neuro Zerg 

Build Orders: Hatch First 

Get SALT Encoding   

  12  0:00  Drone  
  13  0:12  Overlord  
  13  0:17  Drone  
  14  0:30  Drone x2  
  16  0:49  Hatchery  
  15  0:52  Drone  
  15  0:55  Drone  
  17  0:58  Drone  
  18  1:10  Extractor  
  17  1:14  Spawning Pool  
  17  1:18  Drone  
  17  1:20  Drone  
  18  1:27  Drone  
  19  1:38  Drone  
  20  1:49  Overlord  
  20  2:01  Queen x2  
  20  2:02  Zergling x4  
  26  2:12  Metabolic Boost  
  26  2:14  Drone x2  
  28  2:26  Drone x2  
  30  2:35  Hatchery  
  30  2:36  Drone  
  30  2:43  Queen  
  32  2:49  Overlord  
  32  2:51  Drone  
  33  2:55  Drone x2  
  35  2:59  Drone  
  36  3:06  Overlord  
  36  3:13  Zergling x2  
  36  3:14  Drone x2, Zergling x2  
  36  3:17  Drone  
  36  3:19  Queen  
  43  3:24  Overlord  
  43  3:30  Drone  
  44  3:39  Spore Crawler  
  44  3:40  Queen  
  44  3:41  Spore Crawler  
  44  3:45  Drone x3  
  47  3:50  Drone x4  
  47  3:55  Drone, Evolution Chamber  
  51  4:05  Drone x5  
  51  4:08  Spore Crawler  
  55  4:16  Overlord  
  55  4:20  Zerg Melee Weapons Level 1  
  55  4:22  Baneling Nest  
  54  4:31  Overlord  
  54  4:35  Zergling x18  
  62  4:47  Overlord  
  61  5:01  Spore Crawler  
  63  5:07  Zergling x20  
  63  5:12  Spore Crawler  
  69  5:33  Hatchery  
  69  5:35  Zergling x2  
  69  5:36  Zergling x6  
  69  5:37  Drone x8, Lair  
  80  5:46  Baneling x7  
  80  5:51  Zergling x6  
  80  5:52  Zergling x2  
  84  6:11  Overlord  
  79  6:15  Drone x4  
  79  6:16  Drone  
  79  6:18  Zergling x4  
  79  6:27  Roach Warren  
  79  6:28  Zergling x4  
  67  6:45  Queen x3  
  72  6:47  Extractor  
  72  6:49  Overlord, Spine Crawler  
  72  6:51  Spine Crawler  
  69  6:54  Zergling x8  
  69  6:59  Drone x5  
  78  7:09  Drone x5  
  78  7:14  Drone  
  84  7:20  Roach  
  84  7:21  Roach, Pneumatized Carapace  
  88  7:29  Roach x4  
  95  7:34  Overlord x2  
  95  7:35  Queen  
  97  7:38  Overlord  
  97  7:39  Overlord, Extractor  
  97  7:41  Extractor, Queen  
  97  7:44  Overlord x2  
  97  7:55  Drone x7  
  105  7:58  Drone x2  
  105  8:03  Baneling x3  
  106  8:11  Queen  
  106  8:12  Overlord x2  
  108  8:15  Hatchery  
  108  8:19  Roach  
  113  8:20  Roach x3  
  114  8:28  Roach x5  
Tags
 
Add a new tag
Caveats
  • Supply blocks, unpowered buildings, or Contaminate may cause inaccurate times.
  • Supply counts are checked every 10 seconds.